 Dungeon Crawl Stone Soup version 0.27-a0-1066-g29160eaed2 (webtiles) character file.

Game seed: 8416911954437560295

553371 RandThor the Conqueror (level 25, -37/205 HPs)
             Began as a Minotaur Berserker on Apr 23, 2021.
             Was a High Priest of Trog.
             Killed from afar by a green draconian annihilator (55 damage)
             ... with a crystal spear
             ... on level 5 of the Realm of Zot on Apr 24, 2021.
             The game lasted 04:41:14 (75687 turns).

RandThor the Conqueror (Minotaur Berserker)        Turns: 75687, Time: 04:41:15

Health: -37/205    AC:  0    Str: 30 (32) XL:     25   Next: 12%
Magic:  22/22      EV: 14    Int: -2 (3)  God:    Trog [*****.]
Gold:   2048       SH:  5    Dex:  8 (11) Spells: 24/24 levels left

rFire    . . .     SeeInvis .   (weapon currently unavailable)
rCold    . . .     Faith    .   (shield currently unavailable)
rNeg     . . .     Spirit   .   (armour currently unavailable)
rPois    .         Reflect  +   (helmet currently unavailable)
rElec    .         Harm     .   (cloak currently unavailable)
rCorr    +         Rampage  .   (gloves currently unavailable)
Will     ++++.     Rnd*Rage +   (boots currently unavailable)
Stlth    +.........             G - amulet "Bousucka" {Reflect Will+ rCorr Slay+5 SH+5}
HPRegen  1.00/turn              (ring currently unavailable)
MPRegen  0.18/turn              (ring currently unavailable)

@: pig-form, unable to drink, regenerating, slowed, lost intelligence
A: fast, no casting, no potions, small, (horns 2), (retaliatory headbutt),
berserk 1, dopey 1, frail 2, inhibited regeneration, subdued magic 1
}: 3/15 runes: decaying, abyssal, gossamer
a: Renounce Religion, Berserk, Trog's Hand, Brothers in Arms


You were on level 5 of the Realm of Zot.
You worshipped Trog.
Trog was extremely pleased with you.
You were a filthy swine.
You visited 8 branches of the dungeon, and saw 45 of its levels.
You visited the Abyss 1 time.
You also visited: Sewer, Bailey and Ice Cave.

You collected 6751 gold pieces.
You spent 4703 gold pieces at shops.

Inventory:

Hand Weapons
 a - a +9 vampiric broad axe
 b - a +1 hand axe of flaming
 Y - a +9 broad axe of freezing (melded)
Missiles
 g - 26 atropa-tipped darts
 l - 49 boomerangs (quivered)
 x - 9 datura-tipped darts
 B - 32 javelins
 M - 3 throwing nets
 Q - 7 silver javelins
 S - 3 curare-tipped darts
Armour
 k - a +1 pair of boots (melded)
 u - the -1 pair of gloves of Refuge (melded) {rElec rC+}
   (You acquired it on level 6 of the Dungeon)

   It protects you from cold.
   It insulates you from electricity.
 y - the +2 shield of Resistance (melded) {rF++ rC++ Will++}
   (You found it on level 11 of the Dungeon)

   It greatly protects you from fire.
   It greatly protects you from cold.
   It greatly increases your willpower.
 F - the +8 orange crystal plate armour (melded) {Archmagi, Int+3 Clar}
   (You found it on level 4 of the Realm of Zot)

   It affects your intelligence (+3).
   It protects you against confusion.
 J - a scarf of invisibility (melded)
 R - the +3 hat of Pondering (melded) {ponderous, Will+ MP+10 Int+5}
   (You took it off Gastronok on level 11 of the Dungeon)

   It affects your intelligence (+5).
   It affects your magic capacity (+10).
   It increases your willpower.
Jewellery
 q - a ring of flight
 v - a ring of protection from fire
 w - the ring "Ecleez" {Will++ rCorr Int+2}
   (You found it on level 2 of the Depths)

   [ring of resist corrosion]

   It affects your intelligence (+2).
   It protects you from acid and corrosion.
   It greatly increases your willpower.
 G - the amulet "Bousucka" (around neck) {Reflect Will+ rCorr Slay+5 SH+5}
   (You acquired it on level 14 of the Dungeon)

   [amulet of reflection]

   It reflects blocked missile attacks.
   It affects your accuracy and damage with ranged weapons and melee attacks
   (+5).
   It protects you from acid and corrosion.
   It affects your SH (+5).
   It increases your willpower.
 I - a ring of protection from cold
 K - a ring of poison resistance (melded)
 L - a ring of see invisible
 W - a ring of positive energy (melded)
Wands
 d - a wand of digging (19)
 s - a wand of iceblast (51)
 A - a wand of acid (17)
 E - a wand of charming (10)
 P - a wand of paralysis (81)
 X - a wand of mindburst (55)
Scrolls
 f - 3 scrolls of fog
 h - 7 scrolls of fear
 i - 21 scrolls of teleportation
 p - 4 scrolls of blinking
 r - a scroll of holy word
 C - 3 scrolls of magic mapping
 D - 2 scrolls of silence
 O - a scroll of summoning
 T - 23 scrolls of identify
Potions
 c - 5 potions of might
 j - 2 potions of cancellation
 m - 9 potions of haste
 n - 15 potions of curing
 o - 12 potions of flight
 t - 9 potions of heal wounds
 z - 3 potions of resistance
 N - a potion of invisibility
 V - 3 potions of ambrosia
Miscellaneous
 e - a lightning rod (4/4)
 H - a box of beasts (inert)
 U - a condenser vane


   Skills:
 O Level 27 Fighting
 - Level 18.0 Axes
 O Level 27 Armour
 - Level 2.1 Dodging
 + Level 20.7 Shields
 - Level 19.4 Evocations


You had 24 spell levels left.
You didn't know any spells.
Your spell library was empty.

Dungeon Overview and Level Annotations

Branches:
Dungeon (15/15)            Temple (0/1) D:7            Lair (6/6) D:10
  Swamp (4/4) Lair:4       Spider (4/4) Lair:2        Slime (0/5) Lair:6
    Orc (2/2) D:9             Elf (0/3) Orc:2        Vaults (4/5) D:13
  Crypt (0/3) Vaults:3     Depths (5/5) D:15            Zot (5/5) Depths:5
  Sewer (visited)          Bailey (visited)           IceCv (visited)

Altars:
Ashenzari
Cheibriados
Dithmenos
Gozag
Makhleb
Qazlal
Ru
Uskayaw
Vehumet
Wu Jian
Xom
Yredelemnul
Zin
The Shining One

Shops:
D:6 *?   D:15 [   Orc:1 (   Orc:2 [*!*!   Depths:1 **(?*   Depths:2 (
Depths:3 (:[(   Depths:4 !

Portals:
Hell: Depths:1 Depths:2 Depths:3 Depths:4 Depths:5
Abyss: Depths:4 Depths:5
Pandemonium: Depths:1 Depths:3 Depths:4
Ziggurat: Depths:5

Annotations:
D:11 1 runed translucent door
Depths:5 exclusions: great orb of eyes and shining eye


Innate Abilities, Weirdness & Mutations

You are a filthy swine.
You move quickly.
Your equipment is almost entirely melded.
You are incapable of wielding weapons or throwing items.
You cannot cast spells.
You cannot drink.
((You have a pair of horns on your head.))
((You reflexively headbutt those who attack you in melee.))
You tend to lose your temper in combat.
You are dopey. (Int -2)
You are very frail. (-20% HP)
You do not regenerate when monsters are visible.
Your spells are a little easier to cast, but a little less powerful.


Message History

Your ring of poison resistance melds into your body.
Your +9 broad axe of freezing stops glowing.
That put a bit of spring back into your step.
You have lost your intelligence.
You feel strangely numb.
The green draconian annihilator mumbles some strange words.
The green draconian annihilator blinks!
You can move again.
You bite the Killer Klown!
The Killer Klown is lightly wounded.
The Killer Klown flogs you with a +11 club!!!
You closely miss the Killer Klown.
The Killer Klown is lightly wounded.
The Killer Klown squeezes you with a +11 club!!
You are too injured to fight recklessly!
The Killer Klown blinks!
The Killer Klown pies you viciously! The klown pie hits you!!
Plum!
You feel light-headed.
Your skin crawls.
You feel strong-willed.
The Killer Klown blinks!
The Killer Klown blinks!
The world stops spinning.
The Killer Klown pies you viciously! The klown pie hits you!!
Lemon!
You feel unable to drink.
* * * LOW HITPOINT WARNING * * *
The Killer Klown blinks!
There is an open door here.
The green draconian annihilator gestures wildly while chanting.
The green draconian annihilator blinks!
The Killer Klown blinks!
The green draconian annihilator hits you from afar with a +0 glaive!
* * * LOW HITPOINT WARNING * * *
The Killer Klown pies you viciously! The klown pie hits you!!
Raspberry!
You feel weakened.
You feel dopey.
You feel clumsy.
* * * LOW HITPOINT WARNING * * *
The green draconian annihilator points at you and mumbles some strange words.
The crystal spear hits you!!!
You die...

#.# ##[# #..# ###.### #..# #..#
......# #..#####..#
###.#.######.........#
#............######.#
#.##.######.## #.# #.##.#
####'##### #.#
#.##§###........###'########*
#.##...'...pq..h............*
#..#####.......^^.<.........*
###.########▓▓▓▓#############***
...........# ##..........,,,,**
..........## ##...........,,,,,*
..........# ##...^...^....,,,,,,
.........## #.............,,,,,,
.........# #.......^....^,,,,^,
.........## #.....^.p.^...,,,,^,


You could see a Killer Klown and a green draconian annihilator.

Vanquished Creatures
  A dread lich (Vaults:4)
  An orb of fire (Zot:5)
  2 juggernauts
  2 Killer Klowns (Zot:4)
  3 curse toes
  13 golden dragons
  the Enchantress (Depths:3)
  Jory (Vaults:2)
  2 bone dragons
  2 electric golems
  8 tentacled monstrosities
  7 Orb Guardians (Zot:5)
  Jorgrun (Swamp:3)
  An Ice Fiend (IceCv)
  A titan (Depths:4)
  4 liches
  7 quicksilver dragons
  10 death cobs
  Gastronok (D:11)
  3 sphinxes
  A thorn hunter (Swamp:4)
  Agnes (Spider:1)
  A tentacled starspawn (Abyss:2)
  Donald (Spider:1)
  9 storm dragons
  2 revenants (Vaults:3)
  5 shadow dragons
  2 tengu reavers
  7 draconian monks
  5 fenstrider witches
  10 vault wardens
  5 ghost moths
  5 frost giants
  4 fire giants
  5 draconian knights
  A cacodemon (Abyss:2)
  A deep elf sorcerer (Vaults:3)
  4 iron dragons
  9 draconian shifters
  7 draconian scorchers
  8 emperor scorpions
  4 draconian stormcallers
  3 ghouls (Swamp:4)
  An angel (Abyss:4)
  15 very ugly things
  11 ironbound preservers
  A deep elf elementalist (Abyss:3)
  3 spriggan defenders (Depths:3)
  3 war gargoyles
  16 stone giants
  A deep elf demonologist (Abyss:3)
  14 draconian annihilators
  2 ophanim (Abyss:4)
  12 black draconians
  A lorocyproca (Abyss:2)
  5 dire elephants
  A vampire knight (Depths:1)
  10 white draconians
  8 green draconians
  5 spark wasps
  9 yellow draconians
  11 purple draconians
  9 entropy weavers
  8 red draconians
  A bunyip (Swamp:2)
  13 ettins
  A green death (Swamp:4)
  3 crystal guardians
  A merfolk impaler (Depths:3)
  A blizzard demon (Swamp:4)
  2 eleionomae (Swamp:4)
  11 fire dragons
  10 vault guards
  6 yaktaur captains
  A deep elf high priest (Depths:5)
  A shambling mangrove (Swamp:4)
  Harold (D:8)
  9 ice dragons
  2 peacekeepers
  8 great orbs of eyes
  4 rakshasas
  18 hydras
  3 spriggan air magi
  8 ironbound thunderhulks
  9 ogre magi
  5 boulder beetles
  4 catoblepae
  An anaconda (shapeshifter) (Depths:3)
  9 ironbound frosthearts
  15 two-headed ogres
  5 ghost crabs
  8 centaur warriors
  2 dancing weapons (Abyss:4)
  6 death yaks
  A two-headed ogre (shapeshifter) (D:13)
  10 deep troll shamans
  A spriggan berserker (Depths:2)
  7 tengu warriors
  13 alligators
  5 ironbound beastmasters
  2 thrashing horrors
  3 soul eaters
  8 deep troll earth magi
  A sun demon (Depths:3)
  A shock serpent (shapeshifter) (Vaults:2)
  11 hell knights
  9 iron trolls
  2 spatial maelstroms
  5 fire crabs (D:10)
  4 goliath frogs
  2 sixfirhies (Swamp:4)
  2 cherubim (Abyss:4)
  4 glowing orange brains
  3 spriggan druids (Swamp:4)
  36 deep trolls
  An infernal demonspawn (Depths:3)
  2 death drakes (Swamp:4)
  7 wizards
  2 flayed ghosts
  10 swamp dragons
  4 bog bodies
  12 ironbound convokers
  2 orc knights
  Pikel (D:7)
  A phantasmal warrior (Vaults:3)
  3 harpies (Vaults:2)
  6 lindwurms
  A deep elf pyromancer (D:12)
  8 necromancers
  2 orc sorcerers
  24 orb spiders
  2 deep elf zephyrmancers (Swamp:4)
  A manticore (shapeshifter) (Vaults:3)
  A manticore (D:15)
  17 wolf spiders
  5 oklob plants
  37 ugly things
  6 cyclopes
  23 elephants
  4 will-o-the-wisps
  A worldbinder (Abyss:2)
  15 vault sentinels
  4 apocalypse crabs
  A sphinx skeleton (Vaults:1)
  3 human skeletons
  An ice statue (IceCv)
  27 moths of wrath
  An eye of devastation (shapeshifter) (D:15)
  3 black mambas
  3 torpor snails
  2 smoke demons
  An orange demon (Depths:1)
  An elf skeleton (Vaults:4)
  9 cane toads
  A gargoyle (D:14)
  4 unseen horrors
  8 komodo dragons
  2 rime drakes
  An anaconda simulacrum (IceCv)
  A hellion (Depths:3)
  Maggie (D:8)
  13 demonic crawlers
  A freezing wraith (IceCv)
  An efreet (Abyss:2)
  3 kobold demonologists
  A yaktaur skeleton (Vaults:4)
  14 yaktaurs
  5 ancient zymes
  5 ice devils
  3 tengu conjurers
  A hellwing (Swamp:4)
  A red devil (Depths:3)
  A jumping spider (shapeshifter) (Depths:4)
  5 trolls
  6 meliai
  4 polar bears
  5 tyrant leeches
  39 jumping spiders
  6 raiju
  8 hornets
  2 wolf spider simulacra (IceCv)
  An ettin zombie (Abyss:4)
  28 slime creatures
  22 blink frogs
  A dream sheep (shapeshifter) (D:15)
  A shadow (D:10)
  2 vampires
  13 large abominations
  91 redbacks
  30 yaks
  4 spriggans
  A dire elephant simulacrum (IceCv)
  7 wyverns
  30 tarantellas
  3 wraiths
  16 water elementals
  4 ynoxinuls
  6 chaos spawn
  A golden eye (shapeshifter) (D:14)
  A steam dragon (D:7)
  2 neqoxecs
  A basilisk (Lair:1)
  5 vampire mosquitoes
  6 harpy simulacra (IceCv)
  5 spatial vortices
  A warg (shapeshifter) (D:13)
  15 swamp worms
  5 iron troll simulacra (IceCv)
  2 hydra simulacra (IceCv)
  19 water moccasins
  A floating eye (shapeshifter) (Depths:3)
  3 ice beasts (D:15)
  A sky beast (D:6)
  A swamp drake (Swamp:1)
  29 orc warriors
  A black bear (Lair:6)
  35 ogres
  11 wolves
  An ogre (shapeshifter) (Depths:4)
  A tengu (shapeshifter) (D:13)
  A necrophage (D:7)
  4 boggarts (D:14)
  12 centaurs
  4 lemures
  Blork the orc (D:4)
  9 bullfrogs
  A phantom (D:5)
  3 kobold brigands
  7 small abominations
  4 scorpions
  A water moccasin zombie (D:5)
  5 howler monkeys
  3 electric eels
  10 wights
  7 draconian simulacra (IceCv)
  9 centaur zombies
  A gnoll shaman (D:7)
  19 orc priests
  Ijyb (D:4)
  5 iguanas
  Natasha (thrice) (D:2)
  25 orc wizards
  5 troll simulacra (IceCv)
  A hell rat (Lair:5)
  2 polar bear simulacra (IceCv)
  2 wolf simulacra (IceCv)
  2 centaur simulacra (IceCv)
  A hound skeleton (D:5)
  A mummy (Depths:3)
  A howler monkey zombie (D:5)
  8 gnolls
  An ogre simulacrum (IceCv)
  5 adders
  5 naga simulacra (IceCv)
  3 river rats
  A shadow imp (D:7)
  8 white imps
  5 ufetubi
  An adder skeleton (D:4)
  2 worms
  5 dart slugs
  85 orcs
  7 ball pythons
  7 bats
  4 endoplasms
  5 giant cockroaches
  5 goblins
  4 hobgoblins
  4 jackals (D:3)
  8 quokkas
  2 frilled lizards
  18 kobolds
  11 rats
1772 creatures vanquished.

Vanquished Creatures (collateral kills)
  A curse toe (Zot:5)
  An Orb Guardian (Zot:5)
  An ettin (Orc:2)
  A great orb of eyes (Vaults:3)
  Erica (Lair:2)
  A manticore (D:14)
  An unseen horror (Depths:5)
  2 redbacks (Spider:1)
  A chaos spawn (Depths:5)
  An orc warrior (Orc:2)
  A gnoll shaman (Orc:2)
  An orc wizard (Orc:2)
  A gnoll (Orc:2)
14 creatures vanquished.

Vanquished Creatures (others)
  An entropy weaver (D:10)
  A wizard (Vaults:3)
  An orb spider (Spider:1)
  A bloated husk (Swamp:1)
  4 ufetubi (IceCv)
  An orc (Bailey)
  A bush (D:10)
  22 foxfires
  18 fungi
  97 plants
  6 starspawn tentacles
153 creatures vanquished.

Grand Total: 1939 creatures vanquished

Notes
Turn   | Place    | Note
-------+----------+-------------------------------------------
     0 | D:1      | RandThor the Minotaur Berserker began the quest for the
                  | Orb.
     0 | D:1      | Reached XP level 1. HP: 19/19 MP: 0/0
   252 | D:1      | Reached XP level 2. HP: 27/27 MP: 1/1
   810 | D:2      | Reached ** piety under Trog
   811 | D:2      | Reached XP level 3. HP: 30/33 MP: 2/2
  1635 | D:2      | Reached skill level 5 in Axes
  1635 | D:2      | Reached XP level 4. HP: 33/41 MP: 3/3
  1772 | D:2      | Noticed Natasha
  1779 | D:2      | Killed Natasha
  2000 | D:2      | Noticed Natasha
  2010 | D:2      | Killed Natasha
  2581 | D:2      | Noticed Natasha
  2589 | D:2      | Killed Natasha
  2590 | D:2      | Reached XP level 5. HP: 47/47 MP: 4/4
  3355 | D:3      | Reached skill level 5 in Fighting
  3816 | D:4      | You fall into a shaft and drop 2 floors!
  3827 | D:6      | Reached XP level 6. HP: 56/56 MP: 5/5
  3865 | D:6      | Reached *** piety under Trog
  3880 | D:6      | Found Hiliuf's General Store.
  3934 | D:6      | Found Hoec's Magic Scroll Shoppe.
  3940 | D:5      | Entered Level 5 of the Dungeon
  4057 | D:4      | Found a glowing drain.
  4065 | Sewer    | Entered a sewer
  4415 | Sewer    | Found a white marble altar of Elyvilon.
  4548 | D:4      | Noticed Blork the orc
  4564 | D:4      | Killed Blork the orc
  4565 | D:4      | Reached skill level 5 in Armour
  4565 | D:4      | Reached XP level 7. HP: 62/62 MP: 6/6
  4632 | D:4      | Noticed Ijyb
  4637 | D:4      | Killed Ijyb
  4770 | D:4      | Found a shadowy altar of Dithmenos.
  4773 | D:4      | Identified the +7 rapier of Wounding {drain, Drain Int+5}
  4998 | D:4      | Found a shimmering altar of Xom.
  6088 | D:5      | Found a glowing silver altar of Zin.
  6652 | D:6      | Reached XP level 8. HP: 64/71 MP: 7/7
  6743 | D:6      | Found a broken altar of Ashenzari.
  7414 | D:6      | Reached **** piety under Trog
  7415 | D:6      | Reached skill level 10 in Axes
  7937 | D:7      | Found a hide-covered altar of Uskayaw.
  7937 | D:7      | Noticed a +0 dagger
  7939 | D:7      | Noticed a +0 hand axe
  8265 | D:7      | Found a staircase to the Ecumenical Temple.
  8272 | D:7      | Reached XP level 9. HP: 70/81 MP: 8/8
  8311 | D:7      | Found a flagged portal.
  8337 | Bailey   | Entered a bailey
  8818 | Bailey   | Reached skill level 1 in Shields
 10192 | Bailey   | Reached XP level 10. HP: 76/91 MP: 9/9
 10516 | D:7      | Noticed Pikel
 10529 | D:7      | Killed Pikel
 11161 | D:8      | Noticed Maggie
 11181 | D:8      | Killed Maggie
 11589 | D:8      | Noticed Harold
 11636 | D:8      | Killed Harold
 11930 | D:9      | Reached skill level 10 in Fighting
 11950 | D:8      | Reached ***** piety under Trog
 12202 | D:9      | Found a staircase to the Orcish Mines.
 12516 | D:9      | Found a basalt altar of Yredelemnul.
 12761 | Orc:1    | Entered Level 1 of the Orcish Mines
 12780 | D:10     | Entered Level 10 of the Dungeon
 12791 | D:9      | Found an opulent altar of Gozag.
 12791 | D:9      | Found a burning altar of Makhleb.
 12791 | D:9      | Found an ornate altar of the Wu Jian Council.
 12791 | D:9      | Found a glowing golden altar of the Shining One.
 12813 | D:10     | Reached skill level 10 in Armour
 12869 | D:10     | Reached XP level 11. HP: 99/101 MP: 10/10
 13176 | D:10     | Found a staircase to the Lair.
 13452 | D:10     | You fall into a shaft and drop 2 floors!
 13660 | D:11     | Found a runed translucent door.
 13661 | D:11     | Noticed an ice dragon
 13663 | D:11     | Noticed a fire dragon
 13758 | D:11     | Noticed Gastronok
 13805 | D:11     | Killed Gastronok
 13906 | D:11     | Found the +2 shield of Resistance {rF++ rC++ Will++}
 13906 | D:11     | Noticed a fire dragon
 13907 | D:11     | Noticed an ice dragon
 13911 | D:11     | Found a runed translucent door.
 14163 | D:11     | Received a gift from Trog
 14216 | D:11     | Noticed a green ugly thing
 14240 | D:11     | Killed a green ugly thing
 14310 | D:11     | Noticed a two-headed ogre
 14323 | D:11     | Killed a two-headed ogre
 15088 | D:10     | Found a runed translucent door.
 15094 | D:10     | Noticed a fire crab
 15332 | D:10     | Killed a fire crab
 15422 | D:10     | Noticed an entropy weaver
 15422 | D:10     | Noticed a fire crab
 15424 | D:10     | Noticed a fire crab
 15445 | D:10     | Killed a fire crab
 15770 | D:10     | Killed an entropy weaver
 15771 | D:10     | Reached skill level 5 in Evocations
 15771 | D:10     | Reached XP level 12. HP: 113/113 MP: 11/11
 16229 | D:10     | Noticed an entropy weaver
 16244 | D:10     | Killed an entropy weaver
 16429 | D:10     | Noticed an entropy weaver
 16450 | D:10     | Killed an entropy weaver
 16626 | D:10     | Noticed a ghost crab
 16631 | D:10     | Killed a ghost crab
 16665 | D:10     | Noticed an entropy weaver
 16666 | D:10     | Noticed a ghost crab
 16679 | D:10     | Killed an entropy weaver
 17057 | D:10     | Noticed a ghost crab
 17073 | D:10     | Killed a ghost crab
 17073 | D:10     | Noticed an entropy weaver
 17078 | D:10     | Killed an entropy weaver
 17177 | D:10     | Killed a ghost crab
 17184 | D:10     | Identified the +5 short sword of Penenuos {drain, rCorr
                  | MP+9}
 17327 | Lair:1   | Entered Level 1 of the Lair of Beasts
 17650 | Lair:1   | Noticed an eight-headed hydra
 17669 | Lair:1   | Killed a four-headed hydra
 18093 | Lair:1   | Noticed a six-headed hydra
 18112 | Lair:1   | Killed a two-headed hydra
 18514 | Lair:2   | Noticed a seven-headed hydra
 18540 | Lair:2   | Killed a two-headed hydra
 18541 | Lair:2   | Reached XP level 13. HP: 109/122 MP: 12/12
 18978 | Lair:2   | Noticed Erica
 18983 | Lair:2   | Killed Erica
 19082 | Lair:2   | Found a basalt altar of Yredelemnul.
 19193 | Lair:2   | Found a hole to the Spider Nest.
 20292 | Lair:3   | Reached skill level 10 in Evocations
 20514 | Lair:3   | Found a stormy altar of Qazlal.
 21254 | Lair:4   | Found a staircase to the Swamp.
 21517 | Lair:4   | Received a gift from Trog
 22530 | Lair:5   | Reached skill level 15 in Fighting
 22970 | Lair:6   | Entered Level 6 of the Lair of Beasts
 23031 | Lair:6   | Reached skill level 15 in Armour
 23184 | Lair:6   | Reached XP level 14. HP: 125/135 MP: 13/13
 23514 | Lair:6   | Found a staircase to the Slime Pits.
 26501 | Orc:1    | Received a gift from Trog
 26513 | Orc:1    | Found Giet Zoe's Antique Weapon Boutique.
 26845 | Orc:2    | Entered Level 2 of the Orcish Mines
 27366 | Orc:2    | Reached XP level 15. HP: 135/145 MP: 14/14
 27402 | Orc:2    | Found a staircase to the Elven Halls.
 27769 | Orc:2    | Found Huxzuewk's Assorted Antiques.
 27769 | Orc:2    | Found Raawnuong's Distillery.
 27770 | Orc:2    | Found Vasaytzu's Assorted Antiques.
 27770 | Orc:2    | Found Qacluvis's Distillery.
 28008 | Orc:2    | Found Ameatuv's Armour Emporium.
 28155 | Orc:1    | Reached skill level 15 in Axes
 28207 | Orc:1    | Found a radiant altar of Vehumet.
 28416 | Orc:2    | Bought a pair of embroidered boots for 165 gold pieces
 28547 | D:6      | Bought a scroll of acquirement for 624 gold pieces
 28548 | D:6      | Acquired a manual of Fighting
 28566 | D:6      | Bought a scroll of acquirement for 780 gold pieces
 28566 | D:6      | Acquired the -1 pair of gloves of Refuge {rElec rC+}
 28677 | Orc:1    | Bought an ancient war axe for 212 gold pieces
 28677 | Orc:1    | Identified the +10 war axe "Lairoleif" {vorpal, Contam rC+
                  | Dex+2} (You bought it in a shop on level 1 of the Orcish
                  | Mines)
 30472 | D:13     | You fall into a shaft and drop 2 floors!
 30472 | D:15     | Entered Level 15 of the Dungeon
 30497 | D:15     | Acquired a manual of Evocations
 30559 | D:14     | Received a gift from Trog
 30900 | D:14     | Reached skill level 5 in Shields
 31133 | D:14     | Acquired the amulet "Bousucka" {Reflect Will+ rCorr Slay+5
                  | SH+5}
 31419 | D:13     | Found a gate to the Vaults.
 31844 | D:15     | Found Zatiatih's Antique Armour Emporium.
 32471 | D:15     | Found a staircase to the Depths.
 33104 | D:15     | Reached XP level 16. HP: 154/157 MP: 15/15
 33202 | D:15     | Received a gift from Trog
 33665 | Spider:1 | Entered Level 1 of the Spider Nest
 35899 | Spider:1 | Noticed Donald
 35923 | Spider:1 | Killed Donald
 36372 | Spider:2 | Noticed Agnes
 36384 | Spider:1 | Killed Agnes
 36777 | Spider:2 | Received a gift from Trog
 39205 | Spider:3 | Reached ****** piety under Trog
 39424 | Spider:3 | Reached XP level 17. HP: 168/168 MP: 16/16
 39784 | Spider:3 | Identified the +0 cloak of the Unbroken {Harm rN++ Slay+2}
 39825 | Spider:3 | Received a gift from Trog
 40400 | Spider:4 | Entered Level 4 of the Spider Nest
 40539 | Spider:4 | Found a frozen archway.
 40560 | IceCv    | Entered an ice cave
 41162 | IceCv    | Noticed an Ice Fiend
 41173 | IceCv    | Killed an Ice Fiend
 42133 | Spider:4 | Received a gift from Trog
 42870 | Spider:4 | Reached skill level 10 in Shields
 43668 | Spider:4 | Reached skill level 15 in Evocations
 44056 | Spider:4 | Got a gossamer rune of Zot
 44352 | Swamp:1  | Entered Level 1 of the Swamp
 44378 | Swamp:1  | Upgraded the game from 0.27-a0-1065-ge809cff456 to
                  | 0.27-a0-1066-g29160eaed2
 44576 | Swamp:1  | Received a gift from Trog
 46274 | Swamp:3  | Noticed Jorgrun
 46297 | Swamp:3  | Reached XP level 18. HP: 180/180 MP: 17/17
 46425 | Swamp:3  | Killed Jorgrun
 46935 | Swamp:4  | Entered Level 4 of the Swamp
 47514 | Swamp:4  | Received a gift from Trog
 48847 | Swamp:4  | Gained mutation: Your magical capacity is low. (-10% MP) [a
                  | neqoxec]
 49147 | Swamp:4  | Got a decaying rune of Zot
 49528 | Vaults:1 | Entered Level 1 of the Vaults
 50081 | Vaults:1 | Received a gift from Trog
 50427 | Vaults:1 | Reached XP level 19. HP: 191/191 MP: 16/16
 51300 | Vaults:2 | Noticed Jory
 51321 | Vaults:2 | Killed Jory
 51357 | Vaults:2 | Received a gift from Trog
 52964 | Vaults:3 | Received a gift from Trog
 53528 | Vaults:3 | Reached XP level 20. HP: 152/202 MP: 17/17
 53778 | Vaults:3 | Found a staircase to the Crypt.
 53787 | Vaults:3 | Received a gift from Trog
 54267 | Vaults:3 | Reached skill level 15 in Shields
 54375 | Vaults:3 | Identified the +1 pair of gloves of the Slug {Fly rF- rC-
                  | rCorr}
 54760 | Vaults:4 | Noticed a dread lich
 54775 | Vaults:4 | Killed a dread lich
 54836 | Vaults:4 | Identified the +9 hand axe "Cuzurchi" {flame, Dex+4}
 55592 | Vaults:4 | Received a gift from Trog
 56418 | Depths:1 | Entered Level 1 of the Depths
 56616 | Depths:1 | Found a sacrificial altar of Ru.
 56705 | Depths:1 | Found Heusoe's Antique Weapon Emporium.
 56963 | Depths:1 | Found Peobad's General Store.
 57015 | Depths:1 | Found Ijak's General Store.
 57019 | Depths:1 | You fall into a shaft and drop 1 floor!
 57029 | Depths:1 | Found a gateway to Hell.
 57090 | Depths:1 | Found Aliomov's Magic Scroll Emporium.
 57106 | Depths:1 | Bought a scroll of magic mapping for 52 gold pieces
 57459 | Depths:1 | Found a one-way gate leading to the halls of Pandemonium.
 57502 | Depths:1 | Found Paud Puo's Assorted Antiques.
 57508 | Depths:1 | Bought a wand of acid (10) for 336 gold pieces
 58585 | Depths:2 | Reached XP level 21. HP: 205/208 MP: 17/17
 58611 | Depths:2 | Found Paaxohyev's Antique Weapon Shop.
 59149 | Depths:2 | Noticed a golden dragon
 59166 | Depths:2 | Received a gift from Trog
 59175 | Depths:2 | Killed a golden dragon
 59743 | Depths:2 | Identified the ring "Ecleez" {Will++ rCorr Int+2}
 60246 | Depths:3 | Noticed the Enchantress
 60314 | Depths:3 | Killed the Enchantress
 60390 | Depths:3 | Found Xexygon's Weapon Shoppe.
 60394 | Depths:3 | Found Vaucaos's Antique Armour Shoppe.
 60394 | Depths:3 | Found Onouqys's Book Emporium.
 60399 | Depths:3 | Found Pess's Antique Weapon Emporium.
 60610 | Depths:3 | Found a snail-covered altar of Cheibriados.
 60775 | Depths:3 | Found an opulent altar of Gozag.
 61329 | Depths:3 | Noticed a golden dragon
 61329 | Depths:3 | Noticed a juggernaut
 61348 | Depths:3 | Killed a juggernaut
 61349 | Depths:3 | Noticed a golden dragon
 61357 | Depths:3 | Killed a golden dragon
 61361 | Depths:3 | Killed a golden dragon
 61630 | Depths:3 | Identified the +11 short sword of the Skies Above {flame,
                  | rElec Int+7 Stlth-}
 61756 | Depths:4 | Found a one-way gate to the infinite horrors of the Abyss.
 61790 | Depths:4 | Received a gift from Trog
 61955 | Depths:4 | Identified the +6 morningstar "Guthrix" {antimagic, rN+}
 61967 | Depths:4 | Found Bady's Distillery.
 62101 | Depths:4 | Reached XP level 22. HP: 194/226 MP: 18/18
 62116 | Depths:4 | Identified the +5 hunting sling of World Downfall {flame,
                  | *Corrode +Blink rElec Stlth+}
 62872 | Depths:5 | Entered Level 5 of the Depths
 62872 | Depths:5 | Noticed a golden dragon
 62877 | Depths:5 | Killed a golden dragon
 63055 | Depths:5 | Received a gift from Trog
 63639 | Depths:5 | Found a gateway to a ziggurat.
 63640 | Depths:5 | Paralysed by a floating eye for 3 turns
 63778 | Depths:5 | Found a gate to the Realm of Zot.
 63801 | Depths:5 | Noticed a golden dragon
 63826 | Depths:5 | Killed a golden dragon
 64717 | Depths:3 | Bought a glowing crystal plate armour for 2324 gold pieces
 64738 | Depths:3 | Bought a runed cloak for 210 gold pieces
 65884 | Depths:4 | Voluntarily entered the Abyss.
 66418 | Abyss:2  | Received a gift from Trog
 66435 | Abyss:2  | Lost mutation: Your magical capacity is low. (-10% MP) [a
                  | neqoxec]
 66439 | Abyss:2  | Gained mutation: You are dopey. (Int -2) [a neqoxec]
 66586 | Abyss:3  | Found a corrupted altar of Lugonu.
 66792 | Abyss:4  | Found a glowing golden altar of the Shining One.
 66837 | Abyss:4  | Noticed a juggernaut
 66849 | Abyss:4  | Killed a juggernaut
 66853 | Abyss:4  | Got an abyssal rune of Zot
 66857 | Depths:4 | Escaped the Abyss
 66931 | Zot:1    | Entered Level 1 of the Realm of Zot
 67011 | Zot:1    | Noticed a curse toe
 67043 | Zot:1    | Reached XP level 23. HP: 239/239 MP: 22/22
 67508 | Zot:1    | Killed a curse toe
 67545 | Zot:1    | Identified the +9 hand axe "Kinnel" {vorpal, rF+ Will++
                  | Int-2}
 67648 | Zot:1    | Reached skill level 27 in Fighting
 67807 | Zot:1    | Received a gift from Trog
 68886 | Zot:2    | Identified the +1 robe of Quufylusos {Drain Str+4}
 69530 | Zot:2    | Received a gift from Trog
 69618 | Zot:2    | You fall into a shaft and drop 2 floors!
 69649 | Zot:4    | Noticed a Killer Klown
 69665 | Zot:4    | Killed a Killer Klown
 69684 | Zot:4    | Noticed a curse toe
 69692 | Zot:4    | Killed a curse toe
 70423 | Zot:3    | Reached XP level 24. HP: 232/249 MP: 22/22
 70611 | Zot:3    | Reached skill level 27 in Armour
 70877 | Zot:3    | Received a gift from Trog
 71947 | Zot:4    | Found the +8 orange crystal plate armour {Archmagi, Int+3
                  | Clar}
 72011 | Zot:4    | Noticed a Killer Klown
 72025 | Zot:4    | Killed a Killer Klown
 73079 | Zot:5    | Entered Level 5 of the Realm of Zot
 74982 | Zot:5    | Reached XP level 25. HP: 257/257 MP: 22/22
 75166 | Zot:5    | Noticed an orb of fire
 75169 | Zot:5    | Gained mutation: You do not regenerate when monsters are
                  | visible. [an orb of fire]
 75172 | Zot:5    | Gained mutation: Your spells are a little easier to cast,
                  | but a little less powerful. [an orb of fire]
 75187 | Zot:5    | Gained mutation: You tend to lose your temper in combat.
                  | [an orb of fire]
 75196 | Zot:5    | Gained mutation: You are frail. (-10% HP) [an orb of fire]
 75197 | Zot:5    | Gained mutation: You are very frail. (-20% HP) [an orb of
                  | fire]
 75207 | Zot:5    | Killed an orb of fire
 75633 | Zot:5    | Noticed a Killer Klown
 75655 | Zot:5    | Lost intelligence.
 75687 | Zot:5    | Killed from afar by a green draconian annihilator

Illustrated notes

Levels and vault maps discovered:
D:1:      dpeg_arrival_water_temple_mockup, layout_basic,
          minmay_misc_feat_enclosed
D:2:      layout_basic, minmay_tromino_v4_c, uniq_natasha
D:3:      cheibrodos_old_hovel, layout_basic
D:4:      layout_basic, xom_teletrap_fun, nicolae_dithmenos_shadow_blocks,
          gup_sewer_entry_bubbles, chequers_serial_rivers_large_b,
          kennysheep_generic_room_10, uniq_ijyb, uniq_blork_the_orc
D:5:      cheibrodos_iron_armory, layout_loops_corners, zin_academy,
          minivault_26
D:6:      layout_loops_corners, evilmike_ruin_ashenzari, serial_shops, shop,
          nicolae_shop_stone
D:7:      layout_cave_pools, dancing_weapons_uskayaw,
          minmay_temple_entry_arrows, enter_bailey_2, uniq_pikel
D:8:      layout_rooms, uniq_maggie, uniq_harold
D:9:      layout_gridville, nicolae_overflow_hidden_temple, orc_0_dummy
D:10:     gammafunk_mikee_crab_dinner, layout_basic, minmay_lair_entry_grove,
          grunt_decor_mini_mirrors, billiards_dpeg
D:11:     layout_layer_cave, minmay_guarded_unrand_resistance, uniq_gastronok
D:12:     layout_cave_pools, special_room [special_room_orc]
D:13:     layout_roguey, david_vaults_2
D:14:     layout_rooms
D:15:     gammafunk_enter_depths_forms, layout_irregular_city, chequers_garden,
          serial_shops, nicolae_shop_temple_entry_statues_fountains, serial_ice,
          serial_ice_b, serial_ice_e, serial_ice_h, serial_ice_g, serial_ice_i,
          serial_ice_m, serial_bayou_lake_a
Lair:1:   layout_hall_layers, cheibrodos_lair_reptile_den
Lair:2:   layout_loops_ring, nicolae_spider_entry_orb_guardian, basic_altar,
          grunt_megastairs_3, uniq_erica
Lair:3:   wad_woods_stonehenge, layout_regular_city
Lair:4:   layout_loops_ring, swamp_mist
Lair:5:   layout_hall_layers
Lair:6:   grunt_lair_end_beastmaster, layout_hall_layers, slime_dummy,
          nicolae_quartered_pool_little, lemuel_fruit_tree,
          minmay_lair_oklob_chamber
Swamp:1:  layout_basic_swamp, hangedman_swamp_blocks, swamp_pool1
Swamp:2:  layout_falls_marsh, nicolae_swamp_treefoil
Swamp:3:  layout_basic_swamp, evilmike_swamp_ruin_house_2, uniq_jorgrun
Swamp:4:  nzn_swamp_witches_coven, layout_basic_swamp,
          infiniplex_staircase_pool_2
Spider:1: layout_spider_delve, nicolae_spider_eight_legs, uniq_donald
Spider:2: layout_spider_delve, uniq_agnes
Spider:3: nicolae_spider_hilbert_zone_3 [nicolae_spider_hilbert_4_sides_2_open,
          nicolae_spider_hilbert_3_sides_1_open,
          nicolae_spider_hilbert_3_sides_1_open,
          nicolae_spider_hilbert_3_sides_1_open,
          nicolae_spider_hilbert_3_sides_1_open,
          nicolae_spider_hilbert_4_sides_1_open,
          nicolae_spider_hilbert_4_sides_1_open,
          nicolae_spider_hilbert_4_sides_1_open,
          nicolae_spider_hilbert_4_sides_1_open,
          nicolae_spider_hilbert_4_sides_1_open,
          nicolae_spider_hilbert_4_sides_1_open,
          nicolae_spider_hilbert_4_sides_1_open,
          nicolae_spider_hilbert_4_sides_1_open,
          nicolae_spider_hilbert_3_sides_1_open,
          nicolae_spider_hilbert_3_sides_1_open,
          nicolae_spider_hilbert_3_sides_1_open,
          nicolae_spider_hilbert_3_sides_1_open]
Spider:4: grunt_spider_rune_circles, portal_ice_cave_entry_pillars_1, drop_trap
Orc:1:    layout_caves, basic_altar, serial_shops, nicolae_shop_statue_plus
Orc:2:    st_orc_ogre_mass, layout_caves, serial_shops, shop
Vaults:1: nicolae_vaults_little_squares_1, nicolae_vaults_little_squares_3,
          hangedman_vaults_nails, grunt_vaults_focal, vaults_room_pools,
          v_misc_8, ontoclasm_vaults_loading_screen, vaults_mumra_hexcomb,
          ontoclasm_vaults_misaligned, ontoclasm_vaults_bender,
          layout_vaults_ring
Vaults:2: vaults_dpeg_diagonal, nicolae_vaults_big_ls, ontoclasm_vaults_hangar,
          nicolae_vaults_shelves_hall, nicolae_vaults_ninety_degrees,
          ontoclasm_vaults_chip, nicolae_vaults_specimen_jars,
          layout_vaults_omnigrid, uniq_jory
Vaults:3: minmay_crypt_entry_simple_box, v_misc_15, st_octagons_2,
          grunt_vaults_hallway_short, nicolae_vaults_alarming,
          vaults_room_hallway, vaults_room_octagon,
          nicolae_vaults_diagonal_hallway_9, ontoclasm_vaults_decontamination,
          layout_vaults_big_room
Vaults:4: ontoclasm_vaults_tryst, v_misc_30, vaults_room_large_hall,
          nicolae_vaults_mini_display_case, hangedman_vaults_corner_blocks,
          ontoclasm_vaults_hangar, st_check, nicolae_vaults_little_squares_1,
          vaults_room_stairs_pillars, vaults_room_semicircle,
          nicolae_vaults_little_squares_3, layout_vaults_omnibox
Depths:1: layout_gridlike, grunt_pan_entry_sceptre, serial_shops, shop, shop,
          shop, shop, kennysheep_little_box, hell_entry,
          nicolae_ru_sacrificial_ziggurat
Depths:2: minmay_the_grid_octo_triangle [minmay_the_grid_octo_teeth,
          minmay_the_grid_octo_prize_big_c, minmay_the_grid_octo_fat_diamond],
          layout_cave_pools, hell_entry, serial_shops, shop,
          infiniplex_staircase_pillars_2, firewood_loft
Depths:3: kennysheep_water_balloons, layout_long_grid,
          nicolae_gozag_cash_rules_everything_around_me,
          grunt_pan_entry_in_and_out, hell_entry, slow_altar_1,
          serial_bayou_shore_b, minmay_shoptagon, uniq_enchantress
Depths:4: minmay_complete_graph, layout_cave_shapes, serial_shops, shop,
          abyss_entry, hangedman_decor_lopped, hell_entry, pan_entry,
          infiniplex_staircase_split_hallway, uniq_margery
Depths:5: grunt_zot_entry_bicorn, layout_gridlike, enter_ziggurat_d,
          hangedman_tar_grid_catacomb, minmay_room_of_horrors, serial_curves,
          eino_curves_03, eino_curves_04
Zot:1:    layout_misc_corridors
Zot:2:    layout_gridlike, st_large_dragon_hoard_1
Zot:3:    layout_cellular_growth
Zot:4:    layout_cathedral_of_symmetry, grunt_megastairs_1
Zot:5:    layout_gridlike

Skill      XL: |  1  2  3  4  5  6  7  8  9 10 11 12 13 14 15 16 17 18 19 20 21 22 23 24 |
---------------+-------------------------------------------------------------------------+-----
Axes           | 4 5 6 7 8 10 12 13 14 16 17 18 | 18.0
Fighting       | 4 5 6 7 9 10 12 13 15 16 17 19 20 22 23 25 26 27 | 27.0
Armour         | 3 4 5 6 7 8 10 12 13 15 16 17 18 19 20 21 22 23 26 27 | 27.0
Shields        | 3 4 6 8 11 13 14 15 20 | 20.7
Evocations     | 5 8 10 11 12 13 15 16 17 18 19 | 19.4
Dodging        | |  2.1

Action                   |  1- 3 |  4- 6 |  7- 9 | 10-12 | 13-15 | 16-18 | 19-21 | 22-24 | 25-27 || total
-------------------------+-------+-------+-------+-------+-------+-------+-------+-------+-------++-------
Melee: Hand axe          |    67 |   120 |   363 |   619 |   410 |    31 |       |       |       ||  1610
       Headbutt          |    11 |    26 |    68 |   153 |   380 |   292 |   364 |   428 |     7 ||  1729
       Trident           |       |       |    31 |       |       |       |       |       |       ||    31
       Broad axe         |       |       |       |       |   896 |  1155 |  1175 |  1338 |    35 ||  4599
       Short sword       |       |       |       |       |    61 |       |       |       |       ||    61
       War axe           |       |       |       |       |    25 |       |       |       |       ||    25
       Unarmed           |       |       |       |       |       |       |       |       |     2 ||     2
 Fire: Hunting sling     |       |     4 |       |       |       |       |       |       |       ||     4
Throw: Stone             |    30 |     5 |     1 |    12 |     2 |       |       |       |       ||    50
       Dart              |       |     2 |     4 |       |     2 |    17 |       |       |       ||    25
       Boomerang         |       |       |       |       |     6 |    40 |     8 |     6 |       ||    60
Invok: Berserk           |       |     4 |     6 |    14 |     5 |    13 |       |     3 |     2 ||    47
       Trog's Hand       |       |     1 |     1 |     4 |    13 |       |     4 |     5 |     1 ||    29
       Brothers in Arms  |       |       |       |     1 |     4 |     1 |     1 |       |       ||     7
Evoke: Wand              |       |       |       |     2 |     4 |     5 |     1 |     6 |       ||    18
       Lightning rod     |       |       |       |       |       |       |     4 |       |       ||     4
       Box of beasts     |       |       |       |       |       |       |       |       |     1 ||     1
  Use: Scroll            |       |     9 |     5 |     9 |     9 |    14 |     9 |    12 |     5 ||    72
       Potion            |       |       |     1 |       |       |       |       |     1 |     4 ||     6
 Stab: Sleeping          |       |     1 |       |       |       |       |       |       |       ||     1
       Distracted        |       |       |       |       |     1 |       |     1 |       |       ||     2
Armor: Animal skin       |    10 |     3 |       |       |       |       |       |       |       ||    13
       Scale mail        |       |    12 |    42 |       |       |       |       |       |       ||    54
       Plate armour      |       |       |   159 |       |       |       |       |       |       ||   159
       Crystal plate arm |       |       |    98 |   418 |   971 |   788 |   336 |   546 |    29 ||  3186
Dodge: Dodged            |    46 |    60 |   184 |   159 |   296 |   239 |   130 |   227 |     6 ||  1347
       Repelled          |       |       |       |     1 |    16 |     1 |       |       |       ||    18
Block: Buckler           |       |       |    21 |    93 |   152 |       |       |       |       ||   266
       Kite shield       |       |       |       |       |   280 |  1232 |   724 |   976 |    17 ||  3229
       Reflection        |       |       |       |       |     6 |    25 |    44 |    17 |     1 ||    93

Table legend: (Time is in decaauts)
 A = Elapsed time spent in this place.
 B = Non-inter-level travel time spent in this place.
 C = Inter-level travel time spent in this place.
 D = Time resting spent in this place.
 E = Time spent auto-exploring this place.
 F = Levels seen in this place.
 G = Mean time per level.
                   A        B        C        D        E       F      G
               +--------+--------+--------+--------+--------+-----+--------+
         Total |  78793 |  71374 |   7419 |  17074 |  35759 |  52 | 1515.2 |
       Dungeon |  21240 |  19119 |   2121 |   4282 |  11156 |  15 | 1416.0 |
          Lair |  11700 |  10041 |   1659 |   3196 |   5031 |   6 | 1950.0 |
         Swamp |   5556 |   5322 |    234 |   1554 |   2563 |   4 | 1389.0 |
   Spider Nest |   8042 |   7351 |    691 |   1982 |   2830 |   4 | 2010.5 |
  Orcish Mines |   2209 |   1927 |    282 |    166 |   1127 |   2 | 1104.5 |
        Vaults |   7936 |   6696 |   1240 |   1209 |   3738 |   4 | 1984.0 |
        Depths |   8470 |   7693 |    777 |    926 |   4876 |   5 | 1694.0 |
           Zot |   8561 |   8149 |    412 |   2482 |   2590 |   5 | 1712.2 |
         Abyss |    983 |    983 |      0 |      0 |    610 |   4 |  245.8 |
         Sewer |    450 |    450 |      0 |    200 |    117 |   1 |  450.0 |
        Bailey |   2148 |   2148 |      0 |    731 |    676 |   1 | 2148.0 |
      Ice Cave |   1493 |   1493 |      0 |    343 |    440 |   1 | 1493.0 |
               +--------+--------+--------+--------+--------+-----+--------+

Top non-repeatable levels by time:
  Lair:6: 3822 daAuts
    D:10: 3268 daAuts
  Lair:2: 2668 daAuts
   Zot:5: 2469 daAuts
Spider:4: 2467 daAuts
Depths:5: 2389 daAuts
Spider:1: 2380 daAuts
Vaults:2: 2342 daAuts
  Bailey: 2148 daAuts
    D:11: 2012 daAuts
Depths:3: 2009 daAuts
Vaults:3: 1971 daAuts
     D:2: 1954 daAuts
    D:15: 1842 daAuts
Vaults:4: 1839 daAuts
